 Dungeon Crawl Stone Soup version 0.22-a0-223-g0f5d773 (webtiles) character file.

741 vishdafish the Slasher (level 7, -8/54 HPs)
             Began as a Demonspawn Gladiator on Feb 18, 2018.
             Mangled by an iguana (12 damage)
             ... on level 4 of the Dungeon.
             The game lasted 00:06:14 (3642 turns).

vishdafish the Slasher (Demonspawn Gladiator)       Turns: 3642, Time: 00:06:15

Health: -8/54      AC:  7    Str: 16    XL:     7   Next: 47%
Magic:  7/7        EV: 13    Int: 10    God:
Gold:   286        SH:  0    Dex: 14    Spells: 6/6 levels left

rFire    + . .     SeeInvis .   a - +0 long sword
rCold    . . .     Gourm    .   (no shield)
rNeg     . . .     Faith    .   m - +0 ring mail (curse)
rPois    .         Spirit   .   c - +0 helmet
rElec    .         Reflect  .   h - +0 cloak
rCorr    .         Harm     .   (no gloves)
MR       .....                  (no boots)
Stlth    +.........             (no amulet)
HPRegen  0.18/turn              t - ring of protection from fire
MPRegen  0.10/turn              (no ring)

@: lethally poisoned (-8 -> -10)
A: talons 1, spiny 2
a: no special abilities


You were on level 4 of the Dungeon.
You were hungry.

You visited 1 branch of the dungeon, and saw 4 of its levels.

You collected 286 gold pieces.

Inventory:

Hand Weapons
 a - a +0 long sword (weapon)
Missiles
 n - 6 javelins (quivered)
Armour
 b - a +0 leather armour
 c - a +0 helmet (worn)
 h - a +0 cloak (worn)
 m - a cursed +0 ring mail (worn)
Jewellery
 i - an uncursed ring of fire
 t - a ring of protection from fire (left hand)
Wands
 r - a wand of polymorph (11)
Scrolls
 d - a scroll of identify {unknown}
 e - 2 scrolls of immolation {unknown}
 j - a scroll of magic mapping {unknown}
 k - a scroll of enchant weapon {unknown}
 q - a scroll of fog {unknown}
 v - a scroll of amnesia {unknown}
Potions
 g - a potion of haste {unknown}
 l - 4 potions of heal wounds {unknown}
 o - a potion of berserk rage {unknown}
 p - a potion of ambrosia {unknown}
 s - a potion of flight {unknown}
 u - a potion of brilliance {unknown}
 w - 2 potions of might {unknown}
Comestibles
 f - 8 rations


   Skills:
 + Level 4.0 Fighting
 * Level 5.7 Long Blades
 - Level 2.0 Throwing
 + Level 2.8 Armour
 + Level 4.1 Dodging
 - Level 0.2 Stealth


You had 6 spell levels left.
You didn't know any spells.

Dungeon Overview and Level Annotations

Branches:
Dungeon (4/15)
 Temple: D:4-7

Altars:
Cheibriados
Elyvilon
Kikubaaqudgha
Qazlal
Ru
Xom


Innate Abilities, Weirdness & Mutations

You have sharp toenails.
You are mostly covered in sharp spines.


Message History

You feel sick.
You feel sick.
You feel sick.
You feel sick.
Items here: ))) [[ † You hit the iguana.
Your kick misses the iguana.
The iguana is heavily wounded.
You feel sick. The iguana barely misses you.
You riposte.
You hit the iguana but do no damage. Your kick misses the iguana.
The iguana is heavily wounded.
You hit the iguana.
The iguana is heavily wounded.
The iguana bites you.
* * * LOW HITPOINT WARNING * * *
You hit the iguana but do no damage.
The iguana is heavily wounded.
You feel sick. The iguana bites you.
* * * LOW HITPOINT WARNING * * *
The iguana bites you!
You die...

#...#####........
####................
#......#####........
####................
### #...#####......>.
#..###.....####.#†###
#.. #.....# #...###
#.##.....# ##....#
#.@l)..[.# #.##..
####.....# #.####
#.....# ##.# #
#.....# ##..# #
#.....# #..#####
#.)...# #.## #..
#..######.####.#
#...###..........#
###.##..##.#######


You could see an iguana.

Vanquished Creatures
  Edmund (D:4)
  A phantom (D:3)
  3 scorpions (D:4)
  2 hounds
  3 orc wizards
  An iguana (D:2)
  A worker ant (D:4)
  7 adders
  3 gnolls
  3 oozes
  A worm (D:3)
  5 dart slugs
  4 leopard geckos
  4 orcs
  4 giant cockroaches
  10 goblins
  10 hobgoblins
  5 jackals (D:1)
  A quokka (D:4)
  3 ball pythons
  12 bats
  5 frilled lizards
  7 kobolds
  4 rats
100 creatures vanquished.

Notes
Turn   | Place    | Note
-------+----------+-------------------------------------------
     0 | D:1      | vishdafish the Demonspawn Gladiator began the quest for the Orb.
     0 | D:1      | Reached XP level 1. HP: 16/16 MP: 1/1
   173 | D:1      | Reached skill level 3 in Long Blades
   173 | D:1      | Gained mutation: You are partially covered in sharp spines. [demonic ancestry]
   173 | D:1      | Reached XP level 2. HP: 19/22 MP: 2/2
   322 | D:1      | Reached XP level 3. HP: 28/28 MP: 3/3
   827 | D:2      | Reached XP level 4. HP: 24/34 MP: 4/4
  1110 | D:2      | Reached skill level 1 in Armour
  1549 | D:2      | Reached skill level 4 in Long Blades
  1549 | D:2      | Reached XP level 5. HP: 31/40 MP: 5/5
  1691 | D:2      | Found an ancient bone altar of Kikubaaqudgha.
  2051 | D:3      | Found a faded altar of an unknown god.
  2332 | D:3      | Found a white marble altar of Elyvilon.
  2364 | D:3      | Found a stormy altar of Qazlal.
  2457 | D:3      | Found a snail-covered altar of Cheibriados.
  2519 | D:3      | Found a sacrificial altar of Ru.
  2526 | D:3      | Gained mutation: You are mostly covered in sharp spines. [demonic ancestry]
  2526 | D:3      | Reached XP level 6. HP: 44/47 MP: 6/6
  2602 | D:3      | Found a shimmering altar of Xom.
  2950 | D:4      | Noticed Edmund
  3209 | D:4      | Killed Edmund
  3209 | D:4      | Reached skill level 5 in Long Blades
  3513 | D:4      | Gained mutation: You have sharp toenails. [demonic ancestry]
  3513 | D:4      | Reached XP level 7. HP: 43/53 MP: 7/7
  3642 | D:4      | Mangled by an iguana

Vault maps used:
D:1:      lemuel_arrival_lava_pool
D:2:      kiku_gazebo_garden_becter, minmay_hedge_maze
D:3:      nicolae_ru_great_annihilating_truth, tgw_xom, lemuel_crystal_altar,
          lemuel_coloured_pillars_altar, nicolae_qazlal_general_emergency,
          chequers_ecumenical_altar_simple
D:4:      old_forge, ashenzari_conservatory_becter, first_ration, uniq_edmund

Skill      XL: |  1  2  3  4  5  6  7 |
---------------+----------------------+-----
Long Blades    | 3 4 5 |  5.7
Dodging        | 3 4 |  4.1
Armour         | 1 2 |  2.8
Fighting       | 3 4 |  4.0
Throwing       | 2 |  2.0
Stealth        | |  0.2

Action                   |  1- 3 |  4- 6 |  7- 9 || total
-------------------------+-------+-------+-------++-------
Melee: Long sword        |    72 |   140 |    29 ||   241
       Kick              |       |       |     5 ||     5
Throw: Throwing net      |       |     4 |       ||     4
       Javelin           |       |     4 |       ||     4
 Stab: Paralysed         |       |     1 |       ||     1
       Held in net/web   |       |     2 |       ||     2
  Eat: Chunk             |       |     5 |       ||     5
       Ration            |       |     1 |       ||     1
Armor: Leather armour    |    24 |    14 |       ||    38
       Ring mail         |       |    19 |     4 ||    23
Dodge: Dodged            |    60 |    72 |    11 ||   143
       Rpst.: Long sword |    18 |    19 |     3 ||    40

Table legend:
 A = Spawn XP
 B = Non-spawn XP
 C = Spawn XP percentage of total XP
 D = Spawn monster count
 E = Non-spawn monster count
 F = Spawn count percentage of total count
 G = Total turns spent on level
                    A         B        C        D         E        F      G
               +---------+---------+-------+---------+---------+-------+---------
         Total |       0 |    1059 |   0.0 |       0 |     100 |   0.0 |  3642
               +---------+---------+-------+---------+---------+-------+---------
           D:1 |       0 |      95 |   0.0 |       0 |      33 |   0.0 |  1153
           D:2 |       0 |     177 |   0.0 |       0 |      23 |   0.0 |   777
           D:3 |       0 |     249 |   0.0 |       0 |      28 |   0.0 |  1185
           D:4 |       0 |     538 |   0.0 |       0 |      16 |   0.0 |   527
               +---------+---------+-------+---------+---------+-------+---------
